 Dungeon Crawl Stone Soup version 0.29.0-4-gdea44cf6ec (webtiles) character file.

Game seed: 12765766506897300452

1674 qw the Cleaver (level 8, -6/70 HPs)
             Began as a Minotaur Fighter on Sept 4, 2022.
             Mangled by an orc warrior
             ... wielding a +0 flail
              (9 damage)
             ... on level 6 of the Dungeon.
             The game lasted 00:02:03 (5501 turns).

qw the Cleaver (Minotaur Fighter)                   Turns: 5501, Time: 00:02:04

Health: -6/70      AC: 11    Str: 23    XL:     8   Next: 70%
Magic:  7/7        EV:  8    Int:  5    God:
Gold:   321        SH:  4    Dex: 10    Spells: 7/7 levels left

rFire   . . .      SeeInvis .   b - +0 broad axe
rCold   . . .      Faith    .   c - +0 buckler
rNeg    . . .      Spirit   .   l - +0 chain mail
rPois   .          Reflect  .   (helmet restricted)
rElec   .          Harm     .   (no cloak)
rCorr   .          Rampage  .   n - +0 pair of gloves
Will    .....                   k - +0 pair of boots
Stlth   ..........              (no amulet)
HPRegen 0.21/turn               p - +4 ring of slaying {mikee}
MPRegen 0.10/turn               (no ring)

@: lethally poisoned (-6 -> -7), about to teleport
A: horns 2, retaliatory headbutt
a: no special abilities


You were on level 6 of the Dungeon.
You visited 2 branches of the dungeon, and saw 7 of its levels.

You collected 373 gold pieces.
You spent 52 gold pieces at shops.


Innate Abilities, Weirdness & Mutations

You have a pair of horns on your head.
You reflexively headbutt those who attack you in melee.


   Skills:
 - Level 6.2 Fighting
 + Level 11.5 Axes
 - Level 2.4 Throwing
 - Level 4.0 Armour
 - Level 2.1 Dodging
 - Level 4.0 Shields


You had 7 spell levels left.
You didn't know any spells.
Your spell library was empty.

Inventory:

Hand Weapons
 b - a +0 broad axe (weapon)
 m - a +0 flail
Missiles
 g - 4 javelins (quivered)
Armour
 c - a +0 buckler (worn)
 k - a +0 pair of boots (worn)
 l - a +0 chain mail (worn)
 n - a +0 pair of gloves (worn)
Jewellery
 p - a +4 ring of slaying (left hand) {mikee}
Scrolls
 a - 2 scrolls of identify
 e - a scroll of teleportation
Potions
 d - 2 potions of might
 f - 6 potions of curing
 i - a potion of cancellation
 o - 3 potions of heal wounds
 q - a potion of mutation {unknown}

Dungeon Overview and Level Annotations

Branches:
Dungeon (6/15)             Temple (1/1) D:4

Altars:
Ashenzari
Dithmenos
Elyvilon
Fedhas
Gozag
Hepliaklqana
Kikubaaqudgha
Nemelex Xobeh
Okawaru
Qazlal
Sif Muna
Trog
Uskayaw
Vehumet
Wu Jian
Yredelemnul

Shops:
D:1 :   D:4 =   D:6 (

Annotations:
D:4 1 runed translucent door, qw's ghost, amateur FoCA


Message History

The orc warrior unwields a +0 flail.
The orc warrior wields a +0 arbalest.
The orc warrior shoots a bolt.
You block the bolt.
You closely miss the orc wizard. Your headbutt misses the orc wizard.
The orc wizard hits you with a +2 dagger of venom.
You are poisoned.
You hit the orc wizard. Your headbutt misses the orc wizard.
The orc wizard is moderately wounded.
You feel very sick.
The orc wizard hits you but does no damage.
You are more poisoned.
You hit the orc wizard. Your headbutt misses the orc wizard.
The orc wizard is heavily wounded.
You feel very sick.
The orc wizard points at you and mumbles some strange words.
The puff of flame hits you but does no damage.
You slash the orc wizard!
You kill the orc wizard!
You feel very sick.
You closely miss the orc.
You feel sick. The orc completely misses you.
You slice the orc!!
You kill the orc!
You feel sick.
You barely miss the orc warrior. Your headbutt misses the orc warrior.
You feel sick.
The orc warrior unwields a +0 arbalest.
The orc warrior wields a +0 flail.
The orc warrior hits you with a +0 flail.
You hit the orc warrior but do no damage.
You feel sick.
The orc warrior hits you with a +0 flail.
You slash the orc warrior!
The orc warrior is severely wounded.
You feel sick.
The orc warrior hits you with a +0 flail!
5501 ||| READING 2 scrolls of teleportation.
As you read the scroll of teleportation, it crumbles to dust.
You feel strangely unstable.
You feel sick.
The orc warrior hits you with a +0 flail!
You die...

#...# #...#
#...# #...#
#######...#
#.........#####
##.#####%..#...#
###..# #...#.#.#
~##.## #...#.#@#
~~#.# #...#.#o#
....# ###.#.#..
~~..# #...###.
~.#.# .....##..#
..
..#.##.....##..#
#.
#.#.##.....##..#
..
#.#.##.....###.#
.. #.#.##.....#
#.#


You could see an orc warrior.

Vanquished Creatures
  Eustachio (D:4)
  A water moccasin (D:5)
  2 ogres
  A centaur (D:5)
  3 necrophages
  6 scorpions
  2 howler monkeys (D:5)
  3 hounds
  2 jellies (D:5)
  An orc priest (D:6)
  5 iguanas
  An orc wizard (D:6)
  5 gnolls
  7 adders
  3 river rats (D:6)
  A white imp (D:6)
  2 ufetubi
  3 dart slugs
  7 orcs
  6 bats
  5 endoplasms (D:1)
  A giant cockroach (D:2)
  8 goblins
  7 hobgoblins
  A quokka (D:3)
  8 ball pythons
  10 frilled lizards
  8 kobolds
  6 rats
116 creatures vanquished.

Vanquished Creatures (others)
  8 plants (D:6)
8 creatures vanquished.

Grand Total: 124 creatures vanquished

Notes
Turn   | Place    | Note
-------+----------+-------------------------------------------
     0 | D:1      | qw the Minotaur Fighter began the quest for the Orb.
     0 | D:1      | Reached XP level 1. HP: 19/19 MP: 0/0
     0 | D:1      | 0 ||| qw: Version: 0.1-a-103-gd6f5d3a
     0 | D:1      | 0 ||| qw: Game counter: 5705
     0 | D:1      | 0 ||| qw: Always use a shield: true
     0 | D:1      | 0 ||| qw: God list: Ru
     0 | D:1      | 0 ||| qw: Allow faded altars: false
     0 | D:1      | 0 ||| qw: Do Orc after D:15 true
     0 | D:1      | 0 ||| qw: Do second Lair branch before Depths: true
     0 | D:1      | 0 ||| qw: Lair rune preference: random
     0 | D:1      | 0 ||| qw: Plans: Normal
     0 | D:1      | 0 ||| PLANNING D:1-11
   187 | D:1      | Reached skill level 3 in Axes
   206 | D:1      | 206 ||| Stepping ~*~*~tactically~*~*~ (stealth).
   220 | D:1      | Reached XP level 2. HP: 26/26 MP: 1/1
   255 | D:1      | 255 ||| Stepping ~*~*~tactically~*~*~ (stealth).
   256 | D:1      | 256 ||| Stepping ~*~*~tactically~*~*~ (stealth).
   257 | D:1      | 257 ||| Stepping ~*~*~tactically~*~*~ (stealth).
   364 | D:1      | 364 ||| Stepping ~*~*~tactically~*~*~ (stealth).
   582 | D:1      | Reached skill level 4 in Axes
   596 | D:1      | Found Izxix's Book Shoppe.
   835 | D:1      | Found a faded altar of an unknown god.
   936 | D:1      | 936 ||| UPGRADING to +0 pair of boots.
   941 | D:1      | 941 ||| READING 4 scrolls labelled MYLELYISEF.
   942 | D:1      | 942 ||| READING scroll labelled WEAPRI FAIRUTI.
   942 | D:1      | Identified a scroll of acquirement
   942 | D:1      | 942 ||| ACQUIRING +3 war axe of freezing
   942 | D:1      | Acquired a +3 war axe of freezing
   944 | D:1      | 944 ||| SWAPPING to +3 war axe of freezing.
   945 | D:1      | 945 ||| DROPPING +0 war axe.
   946 | D:1      | 946 ||| READING scroll labelled SOLOZOHOMP.
   947 | D:1      | 947 ||| DRINKING 3 fizzy emerald potions.
   948 | D:1      | 948 ||| READING 3 scrolls of identify.
   948 | D:1      | 948 ||| IDENTIFYING emerald potion
   949 | D:1      | 949 ||| READING 2 scrolls of identify.
   949 | D:1      | 949 ||| IDENTIFYING sedimented white potion
   950 | D:1      | 950 ||| DROPPING potion of degeneration.
   951 | D:1      | 951 ||| DROPPING potion of lignification.
   966 | D:2      | Reached XP level 3. HP: 31/31 MP: 2/2
   992 | D:2      | Found a white marble altar of Elyvilon.
  1109 | D:2      | 1109 ||| Stepping ~*~*~tactically~*~*~ (stealth).
  1424 | D:2      | Identified the +4 ring mail of Poor Excuses {Harm Regen+}
  1584 | D:2      | Reached skill level 5 in Axes
  1610 | D:2      | 1610 ||| READING 2 scrolls labelled JURPHIKH VIUDGH.
  1614 | D:2      | 1614 ||| READING 2 scrolls of identify.
  1614 | D:2      | 1614 ||| IDENTIFYING blue potion
  1615 | D:2      | 1615 ||| DROPPING potion of brilliance.
  1706 | D:3      | 1706 ||| Stepping ~*~*~tactically~*~*~ (hiding).
  1707 | D:3      | 1707 ||| Stepping ~*~*~tactically~*~*~ (hiding).
  1886 | D:3      | Identified the +3 sling of the Brain {vorpal, rCorr Str+4}
  1887 | D:3      | 1887 ||| Stepping ~*~*~tactically~*~*~ (stealth).
  1888 | D:3      | 1888 ||| Stepping ~*~*~tactically~*~*~ (stealth).
  1891 | D:3      | 1891 ||| Stepping ~*~*~tactically~*~*~ (stealth).
  1913 | D:3      | Reached skill level 1 in Dodging
  1926 | D:3      | Reached XP level 4. HP: 39/39 MP: 3/3
  2081 | D:3      | 2081 ||| Stepping ~*~*~tactically~*~*~ (hiding).
  2105 | D:3      | 2105 ||| Stepping ~*~*~tactically~*~*~ (stealth).
  2107 | D:3      | 2107 ||| Stepping ~*~*~tactically~*~*~ (stealth).
  2111 | D:3      | 2111 ||| DROPPING +0 club.
  2474 | D:3      | 2474 ||| READING scroll labelled ISHRUN KYXUGH.
  2501 | D:4      | Noticed a necrophage
  2508 | D:4      | Killed a necrophage
  2608 | D:4      | Reached XP level 5. HP: 45/45 MP: 4/4
  2609 | D:4      | Noticed Eustachio
  2618 | D:4      | Found a stormy altar of Qazlal.
  2656 | D:4      | Killed Eustachio
  2657 | D:4      | Reached skill level 7 in Axes
  2657 | D:4      | Reached XP level 6. HP: 21/51 MP: 5/5
  2936 | D:4      | Found a staircase to the Ecumenical Temple.
  2937 | D:4      | 2937 ||| PLANNING TEMPLE
  2937 | D:4      | 2937 ||| READING scroll labelled FOBAULAHAE.
  2938 | D:4      | 2938 ||| DRINKING 2 fuming ruby potions.
  3043 | D:4      | 3043 ||| DROPPING potion of berserk rage.
  3053 | Temple   | Entered the Ecumenical Temple
  3094 | Temple   | 3094 ||| PLANNING D:1-11
  3131 | D:4      | Found Laor's Jewellery Emporium.
  3135 | D:4      | 3135 ||| SHOPLISTING +4 ring of protection (432 gold, have
                  | 274).
  3135 | D:4      | 3135 ||| SHOPLISTING ring "Aqumiuh" {rPois rF+ Will+ Str-4}
                  | (400 gold, have 274).
  3135 | D:4      | 3135 ||| SHOPLISTING ring "Nutyid" {rF+ rC+ rN+ AC+4
                  | Stlth+} (768 gold, have 274).
  3135 | D:4      | 3135 ||| SHOPLISTING ring of fire (300 gold, have 274).
  3135 | D:4      | 3135 ||| SHOPLISTING ring of protection from fire (300
                  | gold, have 274).
  3135 | D:4      | 3135 ||| SHOPLISTING ring of willpower (300 gold, have
                  | 274).
  3164 | D:4      | Found a runed translucent door.
  3165 | D:4      | Noticed qw's ghost (amateur FoCA)
  3182 | D:4      | 3182 ||| Stepping ~*~*~tactically~*~*~ (stealth).
  3320 | D:4      | Reached skill level 8 in Axes
  3320 | D:4      | Reached XP level 7. HP: 52/59 MP: 6/6
  3641 | D:4      | 3641 ||| READING scroll of teleportation.
  3682 | D:5      | Entered Level 5 of the Dungeon
  3801 | D:5      | Reached skill level 9 in Axes
  3909 | D:5      | 3909 ||| Stepping ~*~*~tactically~*~*~ (stealth).
  3910 | D:5      | 3910 ||| Stepping ~*~*~tactically~*~*~ (stealth).
  4368 | D:5      | Found a sparkling altar of Nemelex Xobeh.
  4368 | D:5      | Found a hide-covered altar of Uskayaw.
  4421 | D:5      | Found a hazy altar of Hepliaklqana.
  4464 | D:5      | Reached skill level 10 in Axes
  4464 | D:5      | Reached XP level 8. HP: 56/68 MP: 7/7
  4612 | D:5      | 4612 ||| Stepping ~*~*~tactically~*~*~ (hiding).
  4613 | D:5      | 4613 ||| Stepping ~*~*~tactically~*~*~ (hiding).
  4622 | D:5      | Reached skill level 6 in Fighting
  4769 | D:5      | 4769 ||| FLEEEEING.
  4900 | D:5      | Reached skill level 11 in Axes
  5180 | D:5      | 5180 ||| DROPPING +4 ring mail of Poor Excuses {Harm
                  | Regen+}.
  5181 | D:5      | 5181 ||| UPGRADING to +0 chain mail.
  5191 | D:5      | 5191 ||| DROPPING +0 scale mail.
  5192 | D:5      | 5192 ||| UPGRADING to +0 pair of gloves.
  5197 | D:5      | 5197 ||| UPGRADING to +4 ring of slaying {mikee}.
  5198 | D:5      | 5198 ||| DRINKING 4 fuming golden potions.
  5199 | D:5      | 5199 ||| READING 3 scrolls of identify.
  5199 | D:5      | 5199 ||| IDENTIFYING yellow potion
  5200 | D:5      | 5200 ||| READING 2 scrolls of identify.
  5200 | D:5      | 5200 ||| IDENTIFYING bubbling coppery potion
  5201 | D:5      | 5201 ||| DROPPING potion of attraction.
  5230 | D:5      | 5230 ||| Stepping ~*~*~tactically~*~*~ (stealth).
  5231 | D:5      | 5231 ||| Stepping ~*~*~tactically~*~*~ (stealth).
  5279 | D:6      | Found an ornate altar of the Wu Jian Council.
  5285 | D:6      | 5285 ||| FLEEEEING.
  5286 | D:6      | 5286 ||| FLEEEEING.
  5349 | D:6      | Found an iron altar of Okawaru.
  5435 | D:6      | Found Jiotaz's Weapon Shop.
  5443 | D:6      | 5443 ||| BUYING +0 broad axe (52 gold).
  5443 | D:6      | Bought a +0 broad axe for 52 gold pieces
  5443 | D:6      | 5443 ||| SWAPPING to +0 broad axe.
  5444 | D:6      | 5444 ||| DROPPING +3 vorpal war axe.
  5484 | D:6      | 5484 ||| Stepping ~*~*~tactically~*~*~ (hiding).
  5500 | D:6      | HP: 16/70 [poisoned by an orc wizard]
  5500 | D:6      | HP: 4/70 [orc warrior/+0 flail (12)]
  5501 | D:6      | 5501 ||| READING 2 scrolls of teleportation.
  5501 | D:6      | Mangled by an orc warrior

Levels and vault maps discovered:
D:1:      lightli_arrival_lavapool, layout_basic,
          dreamdust_ecumenical_altar_angels_and_demons, serial_shops, shop_coins
D:2:      layout_loops_ring, basic_altar
D:3:      layout_basic
D:4:      layout_basic, grunt_qazlal_clouds, minmay_temple_entry_metal_lava,
          serial_shops, shop_statue, ebering_ghost_reflecting_pool,
          roderic_serpentine_path, uniq_eustachio
D:5:      minmay_opposing_rooms, layout_loops_corners,
          gammafunk_temple_overflow_claw
D:6:      wad_woods_stonehenge, layout_rooms, lemuel_crystal_altar,
          serial_shops, nicolae_shop_waterfront, nicolae_shop_self_help
Temple:   nicolae_temple_ecumenical_triangle

Skill      XL: |  1  2  3  4  5  6  7  8 |
---------------+-------------------------+-----
Axes           | 3 4 5 7 8 10 11 | 11.5
Dodging        | 1 2 |  2.1
Throwing       | 2 |  2.4
Fighting       | 4 5 6 |  6.2
Armour         | 4 |  4.0
Shields        | 4 |  4.0

Action                   |  1- 3 |  4- 6 |  7- 9 || total
-------------------------+-------+-------+-------++-------
Melee: War axe           |    90 |    44 |    79 ||   213
       Headbutt          |     9 |     4 |    14 ||    27
       Broad axe         |       |       |    17 ||    17
Throw: Javelin           |       |    23 |    27 ||    50
  Use: Scroll            |     7 |     2 |     4 ||    13
       Potion            |     1 |     1 |     1 ||     3
Armor: Scale mail        |    30 |    36 |    22 ||    88
       Chain mail        |       |       |     7 ||     7
Dodge: Dodged            |    25 |    21 |    25 ||    71
Block: Buckler           |    16 |    10 |    10 ||    36

Table legend:
 A = Non-vault XP
 B = Vault XP
 C = Vault XP percentage of total XP
 D = Non-vault monster count
 E = Vault monster count
 F = Vault count percentage of total count
                 A         B        C        D         E       F
            +---------+---------+-------+---------+---------+-------
      Total |    1449 |     943 |  39.4 |      98 |      18 |  15.5
            +---------+---------+-------+---------+---------+-------
        D:1 |      39 |       0 |   0.0 |      26 |       0 |   0.0
        D:2 |      42 |       0 |   0.0 |      18 |       0 |   0.0
        D:3 |      23 |       0 |   0.0 |      13 |       0 |   0.0
        D:4 |     480 |     196 |  29.0 |      17 |       1 |   5.6
        D:5 |     660 |     660 |  50.0 |      19 |      10 |  34.5
        D:6 |     205 |      87 |  29.8 |       5 |       7 |  58.3
            +---------+---------+-------+---------+---------+-------
